 Dungeon Crawl Stone Soup version 0.30-a0-782-ge64f9170bb (webtiles) character file.

Game seed: 8171284812606360404

35 theswoord the Twirler (level 3, 0/27 HPs)
             Began as a Demonspawn Gladiator on Feb 18, 2023.
             Slain by a gnoll
             ... wielding a +0 club
              (8 damage)
             ... on level 2 of the Dungeon.
             The game lasted 00:00:54 (692 turns).

theswoord the Twirler (Demonspawn Gladiator)         Turns: 692, Time: 00:00:55

Health: 0/27       AC:  6    Str: 16    XL:     3   Next: 16%
Magic:  3/3        EV: 12    Int:  9    God:
Gold:   73         SH:  0    Dex: 14    Spells: 2/2 levels left

rFire   . . .      SeeInvis .    a - +0 quarterstaff
rCold   . . .      Faith    .    (shield currently unavailable)
rNeg    . . .      Spirit   .    b - +0 leather armour
rPois   .          Reflect  .    c - +0 helmet
rElec   .          Harm     .    (no cloak)
rCorr   .          Rampage  .    (no gloves)
Will    .....                    (no boots)
Stlth   +                        (no amulet)
HPRegen 0.24/turn                (no ring)
MPRegen 0.08/turn                (no ring)

@: mighty
A: thin metallic scales 1
a: no special abilities


You were on level 2 of the Dungeon.
You visited 1 branch of the dungeon, and saw 2 of its levels.

You collected 73 gold pieces.

Inventory:

Hand Weapons
 a - a +0 quarterstaff (weapon)
Missiles
 d - 2 throwing nets (quivered)
 e - a javelin
Armour
 b - a +0 leather armour (worn)
 c - a +0 helmet (worn)
Jewellery
 h - an amulet of reflection
 j - an amulet of the acrobat
Scrolls
 f - 2 scrolls of identify {unknown}
 g - a scroll of teleportation {unknown}
 k - a scroll of torment {unknown}


   Skills:
 - Level 2.0 Fighting
 + Level 3.9 Staves
 - Level 1.7 Throwing
 - Level 2.6 Dodging


You had 2 spell levels left.
You didn't know any spells.
Your spell library was empty.

Dungeon Overview and Level Annotations

Branches:
Dungeon (2/15)

Altars:


Innate Abilities, Weirdness & Mutations

You are partially covered in thin metallic scales. (AC +2)


Message History

You sock the endoplasm!
You kill the endoplasm!
No target in view!
No target in view!
No target in view!
No target in view!
You now have 73 gold pieces (gained 6).
There is a stone staircase leading up here.
k - a scroll labelled ZEIPUH TIADUN 2 gnolls come into view.
The gnoll shouts!
A gnoll comes into view. It is wielding a +0 club.
The gnoll shouts!
You hit the gnoll. The gnoll hits you but does no damage.
You barely miss the gnoll. The gnoll hits you with a +0 whip.
You closely miss the gnoll. The gnoll closely misses you.
A goblin comes into view. It is wielding a +0 dagger of speed.
You closely miss the gnoll. The gnoll hits you with a +0 whip.
You hit the gnoll. The gnoll closely misses you.
You hit the gnoll but do no damage. The gnoll hits you with a +0 whip.
You thump the gnoll! The gnoll hits you with a +0 whip.
* * * LOW HITPOINT WARNING * * *
You closely miss the gnoll. The gnoll hits you but does no damage.
You barely miss the gnoll. The gnoll misses you.
It was a potion of might.
You feel very mighty all of a sudden. The gnoll closely misses you.
You barely miss the gnoll. The gnoll closely misses you.
The gnoll hits you with a +0 whip.
* * * LOW HITPOINT WARNING * * *
You completely miss the gnoll. The gnoll closely misses you.
You barely miss the gnoll. The gnoll hits you but does no damage.
You thump the gnoll!
You kill the gnoll!
You have reached level 3!
Your experience leads to an increase in your attributes!
Increase (S)trength, (I)ntelligence, or (D)exterity?
You feel stronger. x2
You barely miss the gnoll. The gnoll hits you with a +0 club!
You die...

#<# ##.##
##...#
#..#.#
#....#
#.####
#.#
#.#####.#
#gg.g@..#
#########


You could see 2 gnolls and a goblin.

Vanquished Creatures
  A gnoll (D:2)
  3 ball pythons
  2 bats
  6 endoplasms
  2 giant cockroaches
  A goblin (D:2)
  A hobgoblin (D:1)
  A quokka (D:1)
  3 kobolds (D:1)
  2 rats (D:1)
22 creatures vanquished.

Notes
Turn   | Place    | Note
-------+----------+-------------------------------------------
     0 | D:1      | theswoord the Demonspawn Gladiator began the quest for the
                  | Orb.
     0 | D:1      | Reached XP level 1. HP: 16/16 MP: 1/1
    14 | D:1      | Reached skill level 3 in Staves
   145 | D:1      | Gained mutation: You are partially covered in thin metallic
                  | scales. (AC +2) [demonic ancestry]
   145 | D:1      | Reached XP level 2. HP: 19/22 MP: 2/2
   458 | D:1      | You fall into a shaft and drop 1 floor!
   692 | D:2      | Reached XP level 3. HP: 8/27 MP: 3/3
   692 | D:2      | Slain by a gnoll

Skill      XL: |  1 |
---------------+----+-----
Staves         | 3 |  3.9
Fighting       | |  2.0
Throwing       | |  1.7
Dodging        | |  2.6

Action                     || total
---------------------------++-------
  Melee: Quarterstaff      ||    68
  Throw: Throwing net      ||     1
    Use: Potion            ||     1
   Stab: Held in net/web   ||     1
         Sleeping          ||     1
 Armour: Leather armour    ||    16
  Dodge: Dodged            ||    49

Levels and vault maps discovered:
D:1:      minmay_arrival_glassed_features, layout_basic, minmay_misc_feat_room
D:2:      layout_loops_ring, basic_altar, minmay_hexomino_r4
